 Dungeon Crawl Stone Soup version 0.22-a0-293-gc9362ec (webtiles) character file.

13 grindst0ne the Skirmisher (level 2, -2/27 HPs)
             Began as a Demonspawn Wanderer on Mar 25, 2018.
             Splashed by a jelly's acid (10 damage)
             ... on level 2 of the Dungeon.
             The game lasted 00:00:52 (791 turns).

grindst0ne the Skirmisher (Demonspawn Wanderer)      Turns: 791, Time: 00:00:53

Health: -2/27      AC:  2    Str: 11    XL:     2   Next: 24%
Magic:  0/2        EV: 10    Int: 14    God:
Gold:   24         SH:  4    Dex: 12    Spells: 1/1 levels left

rFire    . . .     SeeInvis .   h - +0 short sword (venom)
rCold    . . .     Gourm    .   c - +0 buckler
rNeg     . . .     Faith    .   d - +0 robe
rPois    .         Spirit   +   (no helmet)
rElec    .         Reflect  .   (no cloak)
rCorr    .         Harm     .   (no gloves)
MR       .....                  (no boots)
Stlth    +.........             (no amulet)
HPRegen  0.09/turn              (no ring)
MPRegen  0.08/turn              (no ring)

@: no status effects
A: magic shield
a: no special abilities


You were on level 2 of the Dungeon.
You were not hungry.

You visited 1 branch of the dungeon, and saw 2 of its levels.

You collected 24 gold pieces.

Inventory:

Hand Weapons
 a - a +2 mace
 h - a +0 short sword of venom (weapon)
Armour
 c - a +0 buckler (worn)
 d - a +0 robe (worn)
Jewellery
 i - an uncursed ring of protection from magic {unknown}
Scrolls
 e - a scroll of teleportation {unknown}
 j - a scroll of identify {unknown}
Potions
 b - a potion of lignification
Comestibles
 f - a ration


   Skills:
 + Level 5.2 Fighting
 - Level 1.0 Maces & Flails
 - Level 1.7 Armour
 + Level 2.2 Shields


You had one spell level left.
You didn't know any spells.

Dungeon Overview and Level Annotations

Branches:
Dungeon (2/15)

Altars:
Okawaru


Innate Abilities, Weirdness & Mutations

When hurt, damage is shared between your health and your magic reserves.


Message History

The hobgoblin hits you but does no damage.
A giant cockroach comes into view.
You hit the jelly.
Your hands burn!
The jelly is moderately wounded.
The jelly hits you.
You are splashed with acid!
The acid burns!
The hobgoblin barely misses you.
You are too injured to fight recklessly!
You are too injured to fight recklessly!
You see here a mace.
Found a trident.
The giant cockroach barely misses you.
The jelly jiggles.
The giant cockroach bites you.
You hit the giant cockroach.
The giant cockroach is heavily wounded.
The giant cockroach bites you but does no damage.
The jelly hits you.
* * * LOW HITPOINT WARNING * * *
You are splashed with acid!
The acid burns!
You die...

#...........##.. .
#. #.).).# .#...
#.###.##†._..##...)
..%....#.).).#..##
................#.#
..#.....###.......#
....#....#.g.#....#
... #.....Js## #...
.. ###<..#@# ..
###..........
##.##....#.
.....#.## ###.... #
#.#.. .# .#


You could see a jelly, a giant cockroach and a hobgoblin.

Vanquished Creatures
  A dart slug (D:1)
  A leopard gecko (D:1)
  A giant cockroach (D:2)
  A goblin (D:2)
  A bat (D:1)
  A frilled lizard (D:1)
  4 kobolds
10 creatures vanquished.

Notes
Turn   | Place    | Note
-------+----------+-------------------------------------------
     0 | D:1      | grindst0ne the Demonspawn Wanderer began the quest for the Orb.
     0 | D:1      | grindst0ne set off with: a +2 mace, a potion of lignification, a +0 buckler, a +0 robe, a ration
     0 | D:1      | Reached XP level 1. HP: 21/21 MP: 1/1
   312 | D:1      | Gained mutation: When hurt, damage is shared between your health and your magic reserves. [demonic ancestry]
   312 | D:1      | Reached XP level 2. HP: 24/27 MP: 2/2
   770 | D:2      | Found an iron altar of Okawaru.
   791 | D:2      | Splashed by a jelly's acid

Vault maps used:
D:1:      saegor_arrival_under_anarchy, minmay_misc_feat_room
D:2:      zin_statuary, grunt_ministairs_1, okawaru_ov_weapons_minmay

Skill      XL: |  1 |
---------------+----+-----
Shields        | 2 |  2.2
Fighting       | |  5.2
Maces & Flails | |  1.0
Armour         | |  1.7

Action                   || total
-------------------------++-------
Melee: Mace              ||    15
       Short sword       ||     8
 Stab: Sleeping          ||     1
Armor: Robe              ||     8
Dodge: Dodged            ||    27
Block: Buckler           ||     6

Table legend:
 A = Spawn XP
 B = Non-spawn XP
 C = Spawn XP percentage of total XP
 D = Spawn monster count
 E = Non-spawn monster count
 F = Spawn count percentage of total count
 G = Total turns spent on level
                    A         B        C        D         E        F      G
               +---------+---------+-------+---------+---------+-------+---------
         Total |       0 |      19 |   0.0 |       0 |      10 |   0.0 |   791
               +---------+---------+-------+---------+---------+-------+---------
           D:1 |       0 |      14 |   0.0 |       0 |       7 |   0.0 |   769
           D:2 |       0 |       5 |   0.0 |       0 |       3 |   0.0 |    22
               +---------+---------+-------+---------+---------+-------+---------
